Cogmind - Beta 11 X8 @@@ ROGUE MODE // 2021.12.12 @ 21:33:54 Player: raddakar Result: Destroyed by 8R-AWN with 8R-AWN's Boregun Performance ------------- Evolutions (1) 500 Regions Visited (5) 1000 Robots Destroyed (38) 190 Value Destroyed (953) 953 Prototype IDs (0) 0 Alien Tech Used (0) 0 Bonus (0) 0 TOTAL SCORE: 2643 Bonus ------- None Cogmind --------- Core Integrity 0/400 Matter 179/300 Energy 179/250 System Corruption 6% Temperature Cool (0) Movement Treading (160) Location -9/Exiles Parts ------- > --- POWER (1) -------- Ion Engine > --- PROPULSION (4) --- Light Treads Light Treads Light Treads Aluminum Leg > --- UTILITY (2) ------ High-capacity Storage Unit > --- WEAPON (2) ------- (None) > --- INVENTORY (20) --- Light Treads Aluminum Leg Aluminum Leg Aluminum Leg Aluminum Leg High-capacity Storage Unit High-capacity Matter Pod (200) Peak State ------------ > --- POWER ------------ Improved Ion Engine > --- PROPULSION ------- Aluminum Leg Aluminum Leg Aluminum Leg Carbon-fiber Leg > --- UTILITY ---------- Large Storage Unit Medium Armor Plating > --- WEAPON ----------- Heavy EM Pulse Gun Heavy Assault Rifle > --- INVENTORY -------- Ion Engine Light Treads Light Treads Light Treads Light Treads Aluminum Leg Aluminum Leg Aluminum Leg Aluminum Leg Aluminum Leg Aluminum Leg High-capacity Matter Pod Heavy Assault Rifle Mini Grenade Launcher Mining Laser [Rating: 16] Favorites ----------- Power Ion Engine Engine Ion Engine Propulsion Aluminum Leg Treads Light Treads Leg Aluminum Leg Utility Medium Armor Plating Device Improved Heat Sink Storage Large Storage Unit Protection Medium Armor Plating Weapon Light Assault Rifle Energy Gun Heavy EM Pulse Gun Ballistic Gun Light Assault Rifle Launcher Mini Grenade Launcher Special Weapon Mining Laser Build | -11 -10 -10 -9 -9 -9 ------- Run | Scr Mat Min Mat Min Exi Slots Evolved 2 | . . . 2 . . Power . | . . . . . . Propulsion 2 | . . . 2 . . Utility . | . . . . . . Weapon . | . . . . . . Parts Attached 35 | . 6 2 15 3 9 Power 5 | . 1 . 3 . 1 Engine 5 | . 1 . 3 . 1 Core . | . . . . . . Reactor . | . . . . . . Propulsion 14 | . . 1 7 2 4 Treads 3 | . . . . . 3 Leg 11 | . . 1 7 2 1 Wheel . | . . . . . . Hover . | . . . . . . Flight . | . . . . . . Utility 7 | . 3 . 2 1 1 Device 1 | . 1 . . . . Storage 2 | . 1 . . . 1 Processor . | . . . . . . Hackware . | . . . . . . Protection 4 | . 1 . 2 1 . Artifact . | . . . . . . Weapon 9 | . 2 1 3 . 3 Energy Gun 1 | . . . 1 . . Energy Cannon . | . . . . . . Ballistic Gun 6 | . 2 1 2 . 1 Ballistic Cannon . | . . . . . . Launcher 1 | . . . . . 1 Special Weapon 1 | . . . . . 1 Impact Weapon . | . . . . . . Slashing Weapon . | . . . . . . Piercing Weapon . | . . . . . . Special Melee Weapon . | . . . . . . Unidentified Prototypes . | . . . . . . Parts Lost 17 | . . 2 4 1 10 Power 1 | . . . . . 1 Propulsion 6 | . . 1 1 . 4 Utility 3 | . . . 1 1 1 Weapon 7 | . . 1 2 . 4 Highest Loss Streak 10 | . . 1 4 1 10 Average Slot Usage (%) 97 | . 98 100 99 98 78 Engine 12 | . 14 14 11 11 9 Leg 35 | . 28 28 44 44 34 Storage 12 | . 14 14 11 11 11 Protection 11 | . 9 14 11 11 7 Energy Gun 4 | . 3 . 7 9 . Ballistic Gun 19 | . 24 28 14 11 10 Naked Turns . | . . . . . . Heaviest Build 60 | 12 35 35 40 40 60 Greatest Support 60 | 20 20 20 40 45 60 Greatest Overweight (x) 1 | . 1 1 . . 1 Average Overweight (x) . | . . 1 . . . Largest Inventory Capacity 20 | . 15 15 15 15 20 Average Capacity 14 | . 12 15 15 15 17 Most Carried 16 | . 15 15 15 15 16 Average Carried 13 | . 12 14 14 14 13 Final Capacity 20 | 8 15 15 15 15 20 Final Carried 15 | 6 15 14 15 14 7 Class Distribution -------------------- 51% | Scavenger-Mutant 48% | Mutant Dominant Class ---------------- Mutant | -10/Materials Mutant | -10/Mines Scavenger-Mutant | -9/Materials Scavenger-Mutant | -9/Mines Scavenger-Mutant | -9/Exiles Resources | -11 -10 -10 -9 -9 -9 ----------- Run | Scr Mat Min Mat Min Exi Matter Collected 1189 | 187 163 256 472 111 . Remotely . | . . . . . . Salvage Created 1545 | . 214 171 895 227 38 Parts 79 | . 14 9 45 11 . Haulers Intercepted 2 | . . . 2 . . Recyclers Shooed 4 | . . 3 1 . . Parts Field Recycled . | . . . . . . Retrieved Matter . | . . . . . . Parts Self-Destructed . | . . . . . . Prevented . | . . . . . . Kills | -11 -10 -10 -9 -9 -9 ------- Run | Scr Mat Min Mat Min Exi Combat Hostiles Destroyed 41 | . 7 7 14 7 6 Guns 36 | . 7 7 14 6 2 AOE 5 | . . . . 1 4 Classes Destroyed 7 | . 2 2 2 1 . Hauler 2 | . . . 2 . . Recycler 2 | . . 1 1 . . Swarmer 12 | . 3 6 . 3 . Grunt 20 | . 4 . 13 3 . Brawler 1 | . . . . 1 . Sentry 1 | . . . 1 . . Assembled 7 | . . 1 . . 6 Best Kill Streak 6 | . 3 3 3 3 6 Combat Bots Only 6 | . 3 3 3 3 6 Max Kills in Single Turn 2 | . 1 1 1 1 2 Gunslinging . | . . . . . . Exploded 2 | . . . . 1 2 Melee . | . . . . . . Uniques/NPCs Destroyed . | . . . . . . Combat | -11 -10 -10 -9 -9 -9 -------- Run | Scr Mat Min Mat Min Exi Damage Taken 2907 | . 222 457 555 310 1363 Core 542 | . 51 80 58 45 308 Absorbed by Shields . | . . . . . . Core Remaining (%) 73 | 100 . 47 . . . Volleys Fired 161 | . 19 47 59 21 15 Largest 2 | . 2 2 2 2 2 Hottest 68 | . 60 40 65 68 46 Shots Fired 292 | . 38 93 103 37 21 Gun 285 | . 38 93 103 37 14 Cannon . | . . . . . . Launcher 7 | . . . . . 7 Special . | . . . . . . Kinetic 219 | . 23 93 70 19 14 Thermal 15 | . 15 . . . . Explosive 7 | . . . . . 7 Electromagnetic 51 | . . . 33 18 . Robot Hit Streak 12 | . 7 7 9 10 12 Robot Miss Streak 4 | . 2 4 4 4 2 Penetration Max . | . . . . . . Secondary Targets 4 | . 1 2 1 . . Max Gunslinging Chain 1 | . 1 1 1 . . Shots Hit Robots 170 | . 25 39 66 23 17 Core Hits 73 | . 12 12 26 10 13 Critical Kills . | . . . . . . Critical Parts Destroyed 1 | . . . 1 . . Critical Strikes 2 | . . . 2 . . Destroy 1 | . . . 1 . . Corrupt 1 | . . . 1 . . Melee Attacks . | . . . . . . Impact . | . . . . . . Slashing . | . . . . . . Piercing . | . . . . . . Sneak Attacks . | . . . . . . Combat Hostiles . | . . . . . . Follow-up Attacks . | . . . . . . Damage Inflicted 2493 | . 287 386 840 457 523 Guns 1948 | . 287 386 758 363 154 Cannons . | . . . . . . Explosions 481 | . . . 62 73 346 Melee . | . . . . . . Ramming 64 | . . . 20 21 23 Kinetic 1312 | . 176 386 377 219 154 Thermal 246 | . 111 . 62 73 . Explosive 346 | . . . . . 346 Electromagnetic 525 | . . . 381 144 . Impact . | . . . . . . Slashing . | . . . . . . Piercing . | . . . . . . Highest Corruption 6 | . 1 1 . 5 6 Average Corruption 2 | . 1 1 . 5 5 Corruption Purged . | . . . . . . Effects 18 | . 2 2 . 9 5 Message Errors 6 | . 1 1 . 1 3 Matter Fused 2 | . . . . 2 . Energy Discharges 2 | . 1 . . 1 . Parts Rejected 1 | . . . . 1 . Data Loss (minor) 2 | . . . . 1 1 Misfires 2 | . . . . 1 1 Weapon Failures 3 | . . 1 . 2 . Overload Shots . | . . . . . . Overflow Damage 26 | . . . . . 26 Projectiles . | . . . . . . Explosions 26 | . . . . . 26 Melee . | . . . . . . Knockbacks . | . . . . . . Impact . | . . . . . . Kinetic . | . . . . . . Secondary . | . . . . . . Self-Inflicted Damage 215 | . . . . 29 186 Shots 7 | . . . . 1 6 Rammed 9 | . . . . . 9 Targets Rammed 15 | . . . 4 2 9 Kicked 6 | . . . 4 2 . Crushed . | . . . . . . Highest Temperature 199 | . 60 12 199 83 16 Average Temperature 32 | . 29 5 50 39 7 Received Heat Transfer 501 | . 72 . 279 30 120 Siege Activations . | . . . . . . Robots Corrupted . | . . . . . . Combat Hostiles . | . . . . . . Parts Fried . | . . . . . . Impact Corruptions . | . . . . . . Robots Melted . | . . . . . . Combat Hostiles . | . . . . . . Parts Melted . | . . . . . . Heat Transferred 450 | . 250 . 100 100 . Parts Sabotaged . | . . . . . . Parts Stolen . | . . . . . . Parts Stripped . | . . . . . . Power Chain Reactions 2 | . . . 1 1 . Missiles Intercepted . | . . . . . . Alert | -11 -10 -10 -9 -9 -9 ------- Run | Scr Mat Min Mat Min Exi Peak Influence 334 | . 242 150 334 290 . Initial 130 | . . 30 1 130 . Average 120 | . 120 71 125 201 . Maximum Alert Level 1 | . 1 . 1 1 . Low Security (%) 76 | . 86 100 68 34 . Level 1 23 | . 13 . 31 65 . Level 2 . | . . . . . . Level 3 . | . . . . . . Level 4 . | . . . . . . Level 5 . | . . . . . . High Security . | . . . . . . Max Security . | . . . . . . Squads Dispatched 6 | . 2 . 4 . . Investigation 2 | . 1 . 1 . . Extermination . | . . . . . . Reinforcement 4 | . 1 . 3 . . Assault . | . . . . . . Garrison . | . . . . . . Intercept . | . . . . . . Construction Impeded 1 | . . . 1 . . Haulers Reinforced . | . . . . . . Active Scanning Responses . | . . . . . . Cargo Convoy Interrupts . | . . . . . . Stealth | -11 -10 -10 -9 -9 -9 --------- Run | Scr Mat Min Mat Min Exi Distress Signals 5 | . . 1 4 . . Communications Jammed . | . . . . . . Distress Signals . | . . . . . . Times Spotted 67 | . 11 7 31 10 8 Peak Tracking Total 9 | . 5 3 7 3 9 Tactical Retreats 5 | . . . 4 1 . Traps | -11 -10 -10 -9 -9 -9 ------- Run | Scr Mat Min Mat Min Exi Traps Triggered 2 | . 1 . 1 . . Indirectly . | . . . . . . Trap Hack Attempts . | . . . . . . Triggered . | . . . . . . Disarmed . | . . . . . . Reprogrammed . | . . . . . . Reused . | . . . . . . Traps Extracted . | . . . . . . Installed . | . . . . . . Triggered . | . . . . . . Machines | -11 -10 -10 -9 -9 -9 ---------- Run | Scr Mat Min Mat Min Exi Machines Disabled 7 | . . . 2 1 4 Max in Single Turn 3 | . . . 1 1 3 Machines Sabotaged . | . . . . . . Garrisons Compromised . | . . . . . . Overloaded Fab Kills . | . . . . . . Hacking | -11 -10 -10 -9 -9 -9 --------- Run | Scr Mat Min Mat Min Exi Machines Accessed 7 | . 5 . 2 . . Terminals 7 | . 5 . 2 . . Fabricators . | . . . . . . Repair Stations . | . . . . . . Recycling Units . | . . . . . . Scanalyzers . | . . . . . . Garrison Access . | . . . . . . Total Hacks 16 | . 13 . 3 . . Successful 10 | . 9 . 1 . . Failed 6 | . 4 . 2 . . Catastrophic 1 | . 1 . . . . Database Lockouts . | . . . . . . Manual 6 | . 3 . 3 . . Terminals 16 | . 13 . 3 . . Fabricators . | . . . . . . Repair Stations . | . . . . . . Recycling Units . | . . . . . . Scanalyzers . | . . . . . . Garrison Access . | . . . . . . Terminal Hacks 6 | . 6 . . . . Branch Access Points 1 | . 1 . . . . Alert Level 1 | . 1 . . . . Locate Traps 2 | . 2 . . . . Zone Layout 2 | . 2 . . . . Fabricator Hacks . | . . . . . . Repair Station Hacks . | . . . . . . Recycling Unit Hacks . | . . . . . . Scanalyzer . | . . . . . . Garrison Access Hacks . | . . . . . . Unauthorized Hacks 4 | . 3 . 1 . . Terminals 4 | . 3 . 1 . . Botnet 4 | . 3 . 1 . . Fabricators . | . . . . . . Repair Stations . | . . . . . . Recycling Units . | . . . . . . Scanalyzers . | . . . . . . Garrison Access . | . . . . . . Data Cores Recovered . | . . . . . . Used . | . . . . . . Hacking Detections 5 | . 3 . 2 . . Full Trace Events 1 | . 1 . . . . Feedback Events . | . . . . . . Feedback Blocked . | . . . . . . Robot Schematics Acquired . | . . . . . . Robots Built . | . . . . . . Authchips . | . . . . . . Time . | . . . . . . Total Robot Build Rating . | . . . . . . Part Schematics Acquired . | . . . . . . Parts Built . | . . . . . . Authchips . | . . . . . . Time . | . . . . . . Total Part Build Rating . | . . . . . . Parts Repaired . | . . . . . . Time . | . . . . . . Parts Recycled . | . . . . . . Recycled Matter . | . . . . . . Retrieved Matter . | . . . . . . Retrieved Components . | . . . . . . Parts Scanalyzed . | . . . . . . Part Schematics Acquired . | . . . . . . Parts Damaged . | . . . . . . Bothacking | -11 -10 -10 -9 -9 -9 ------------ Run | Scr Mat Min Mat Min Exi Used RIF Installer . | . . . . . . Robots Hacked . | . . . . . . Non-combat . | . . . . . . Combat . | . . . . . . Robot Hacks Applied . | . . . . . . Relay Couplers Released . | . . . . . . Fabnet Peak Effective % . | . . . . . . Robots Rewired . | . . . . . . Allies Hacked . | . . . . . . Hacks Repelled . | . . . . . . Allies | -11 -10 -10 -9 -9 -9 -------- Run | Scr Mat Min Mat Min Exi Total Allies 1 | . . . . 1 . Largest Group 1 | . . . . 1 . Highest-Rated Group 31 | . . . . 31 . Highest-Rated Ally 31 | . . . . 31 . Total Orders . | . . . . . . Ally Attacks 6 | . . . . 6 . Total Damage 65 | . . . . 65 . Kills . | . . . . . . Allies Corrupted . | . . . . . . Allies Melted . | . . . . . . Intel | -11 -10 -10 -9 -9 -9 ------- Run | Scr Mat Min Mat Min Exi Robot Analysis Total . | . . . . . . Derelict Logs Recovered 1 | . . 1 . . . Drone Launches . | . . . . . . Drone Recoveries . | . . . . . . Exploration | -11 -10 -10 -9 -9 -9 ------------- Run | Scr Mat Min Mat Min Exi Turns Passed 2440 | . 563 606 767 317 187 Spaces Moved 1237 | 1 267 249 438 189 93 Core . | . . . . . . Treads 1 | . . . . . 1 Legs 1236 | 1 267 249 438 189 92 Wheels . | . . . . . . Hover . | . . . . . . Flight . | . . . . . . Fastest Speed 120 | 120 120 190 120 120 120 Average Speed 145 | 120 166 190 120 120 132 Slowest Speed 190 | 120 190 190 120 120 190 Overloaded Moves . | . . . . . . Propulsion Burnouts . | . . . . . . Robots Hopped . | . . . . . . Cave-ins Triggered . | . . . . . . Exploration Rate (%) 36 | 2 42 58 37 49 29 Regions Visited 5 Branch Regions 3 Pre-discovered Areas 2 | . . . . 2 . Known Exits Taken 2 | . 1 . 1 . . Unknown Exits Taken 3 | 1 . 1 . 1 . Scrap Searched 2 | . . . . 2 . Spaces Dug . | . . . . . . Terrain Destroyed 66 | . . . 3 7 56 Melee . | . . . . . . Projectile . | . . . . . . AOE 66 | . . . 3 7 56 Terrain Rammed . | . . . . . . Walls Destroyed . | . . . . . . Machines Disabled . | . . . . . . Actions | -11 -10 -10 -9 -9 -9 --------- Run | Scr Mat Min Mat Min Exi Total 1616 | . 349 298 594 243 132 Wait 122 | . 39 . 54 25 4 Move 1232 | . 266 248 437 188 93 Hop . | . . . . . . Pick Up 26 | . 12 1 11 1 1 Fast Attach 5 | . 3 . 2 . . Attach 17 | . 1 2 5 1 8 Detach 1 | . 1 . . . . Swap 13 | . 2 . 8 2 1 Drop 24 | . 6 . 14 3 1 Fire 161 | . 19 47 59 21 15 Melee . | . . . . . . Ram . | . . . . . . Kick 6 | . . . 4 2 . Crush 9 | . . . . . 9 Escape Stasis . | . . . . . . Rewire . | . . . . . . Trap . | . . . . . . Miscellaneous . | . . . . . . Route ------- -11/Scrapyard -10/Materials (discovered 2 exits: *Mat / *Min) -10/Mines -9/Materials (discovered 2 exits: [*Mat] / *Min) -9/Mines -9/Exiles (discovered 1 exit: Min) History --------- Turn | Location | Event 1 | -11/Scrapyard | Discovered new exit (range 0) 1 | -11/Scrapyard | Entered Materials 79 | -10/Materials | Discovered new exit (range 12) 213 | -10/Materials | Discovered new exit (range 7) 310 | -10/Materials | Build established: Mutant 428 | -10/Materials | Identified exit to Mines 564 | -10/Materials | Entered Mines 567 | -10/Mines | Met a Derelict bent on vengeance 596 | -10/Mines | Assembled infested the area 601 | -10/Mines | Assisted by a Guerilla fighting off Assembled 902 | -10/Mines | Core integrity fell below 50% 1151 | -10/Mines | Discovered new exit (range 12) 1170 | -10/Mines | Entered Materials 1170 | -9/Materials | Evolved 2 slots: Propulsion x2 1171 | -9/Materials | Identified exit to Mines 1413 | -9/Materials | Lost 4 parts (1n1u2w) 1487 | -9/Materials | Build established: Scavenger-Mutant 1700 | -9/Materials | Discovered new exit (range 9) 1937 | -9/Materials | Entered Mines 1942 | -9/Mines | Escorted by a lone wolf Derelict 1967 | -9/Mines | Learned location of Storage (-7) 2250 | -9/Mines | Deemed a non-threat by the Exiles lab entrance 2250 | -9/Mines | Discovered new exit (range 5) 2254 | -9/Mines | Entered Exiles 2255 | -9/Exiles | Identified exit to Mines 2284 | -9/Exiles | Met 8R-AWN 2305 | -9/Exiles | Met EX-HEX 2365 | -9/Exiles | Attacked by the Exiles 2405 | -9/Exiles | Core integrity fell below 50% 2415 | -9/Exiles | Core integrity fell below 20% 2441 | -9/Exiles | Destroyed by 8R-AWN with 8R-AWN's Boregun Last Messages --------------- 02432_ HV Slug penetrates Earth. 02432_ Slammed into 8R-AWN. 02435_ Penetrated by HV Slug. 02435_ HV Slug penetrates Wall. 02435_ Penetrated by HV Slug. 02435_ HV Slug penetrates Wall. 02436_ Slammed into 8R-AWN. 02437_ Penetrated by HV Slug. 02437_ HV Slug penetrates Wall. 02437_ Penetrated by HV Slug. 02437_ HV Slug penetrates Wall. 02437_ Slammed into 8R-AWN. 02439_ Penetrated by HV Slug. 02439_ HV Slug penetrates Wall. 02439_ Penetrated by HV Slug. 02439_ HV Slug penetrates Wall. 02440_ Slammed into 8R-AWN. 02441_ Penetrated by HV Slug. 02441_ HV Slug penetrates Earth. 02441_ Penetrated by HV Slug. Map ----- +----------------------------------------------------+ | ?????????????????????? #####"""""""""##???????? | | ????????????????????? " """ """"##??????? | | ????????????????????? "" " #??????? | | ???????????????????? " """#??????? | | ???????????????????? " "#??????? | | ???????????????????? " "##?????? | | ???????????????????? ""###???? | | ?????????????????????" """#???? | | ??????????????????????"" "#???? | | ????????????????????????#""" ##??? | | ?????????????????????????#""" ##?# | | ?????????????????????????#"""" ### | | ???????? ??????????????##"" | | ???????? ##?####???####"""" | | ???????? ##aaa####""" | | ??????? """" # | | ??????? ## | | ?????? ##? | | ??????? " ##?? | | ??????? " "" """ ""#??? | | ???????? "" "" " " ""#" "##??? | | ?????????? ""# ! ##""" """##"""""""##???? | | ????????????????# ####""""###########????? | | ????????????????# #??#####??????????????? | | ????????????????# !#g##????????????????????? | | ????????????????# !@ #????????????????????? | | ????????????????## #????????????????????? | | ?????????????????# ! ##????????????????????? | | ?????????????????# #?????????????????????? | | ?????????????????### #????????????????????? | | ???????????????????##### ## #???????????????????? | | ???????????????????????####?# #??????????????????? | | ?????????????????????????????# #?????????????????? | | ??????????????????????????????# #????????????????? | | ???????????????????????????????# #???????????????? | | ????????????????????????????????# ???????????????? | | ?????????????????????????????????? ??????????????? | | ??????????????????????????????????? ?????????????? | | ?????????????????????????????????????????????????? | | ?????????????????????????????????????????????????? | | ?????????????????????????????????????????????????? | | ?????????????????????????????????????????????????? | | ?????????????????????????????????????????????????? | | ?????????????????????????????????????????????????? | | ?????????????????????????????????????????????????? | | ?????????????????????????????????????????????????? | | ?????????????????????????????????????????????????? | | ?????????????????????????????????????????????????? | | ?????????????????????????????????????????????????? | | ?????????????????????????????????????????????????? | +----------------------------------------------------+ Best States ------------- Heat Dissipation 39 Energy Generation 12 Energy Capacity 265 Matter Stores 300 Matter Capacity 300 Sight Range 16 Terrain Scan Density 10 Armor Coverage 225 Evasion (%) 55 Recoil Reduction 3 Item Schematics ----------------- None Robot Schematics ------------------ None Fabricated ------------ Nothing Alien Tech Used ----------------- None Achievements -------------- None Challenges ------------ None Game ------ Seed LinearSystemStreamer Manual? 0 Play Time 00:25:06 Cumulative 112.2 hours Start 2021.12.12 @ 21:10:12 End 2021.12.12 @ 21:33:54 Sessions 1 Manual Loads 0 Difficulty Rogue Special Mode None Game No. 46 Rogue 46 Adventurer 0 Explorer 0 Win Type - Total 1 Types 1/0/0/0/0/0/0/0/0 Lore% 31 Gallery% 55 Achievement% 41 Wizard Run 0 Options --------- ASCII 0 Keyboard 1 Movement Numpad Keybinds 0 Fullscreen 2 Font 18/Terminus Map View 76x50 Tactical HUD 1 Map Filters NONE Filters NONE Steam 1 RUN: baca100f-3a51-4b50-bf9d-0cabf8a55cb4